AoeStats
← VaporousFaun185

Black Forest

508110800Analyzed
4v4 RM · 13d ago on Sep 20, 2026· 52m 31s· 8 players
Game mode
Random Map
Map size
Large (8 player)
Population
200
Speed
Normal
Resources
Standard
Victory
Conquest
Starting age
Dark Age
Ending age
Imperial Age
RankedLock teamsTeams togetherTeam positionsShared explorationLock speedFull tech treeHidden civsTurbo modeCheats
Victory
Defeat
🇦🇷 Romans · Argentina
725
+15
🇦🇷 Ethiopians · Argentina
720
+15
🇺🇸 Byzantines · United States
664
+19
663
+18
🇺🇸 Poles · United States
727
-17
🇯🇵 Celts · Japan
712
-17
🇦🇷 Khmer · Argentina
705
-17
🇺🇸 Turks · United States
682
-16
jotap07
0:28 Loom
14:10 Feudal Age
16:57 Double-Bit Axe
16:57 Horse Collar
20:14 Castle Age
18:10 Gold Mining
18:34 Stone Mining
29:35 Bow Saw
29:42 Heavy Plow
32:54 Imperial Age
31:03 Fortified Wall
31:13 Forging
31:10 Scale Barding Armor
32:08 Ballistics
32:42 Szlachta Privileges
35:15 Chemistry
34:26 Careening
34:14 Murder Holes
33:57 Cavalier
40:05 Conscription
41:02 Elite Skirmisher
cHaViTa11
11:14 Feudal Age
11:55 Double-Bit Axe
11:52 Horse Collar
17:17 Loom
19:35 Castle Age
21:02 Bow Saw
21:12 Heavy Plow
21:16 Caravan
23:56 Loom
25:26 Town Watch
30:42 Imperial Age
29:18 Wheelbarrow
28:31 Town Watch
29:25 Thumb Ring
29:33 Padded Archer Armor
30:11 Scale Barding Armor
29:33 Man-at-Arms
30:39 Ballistics
31:16 Masonry
30:47 Treadmill Crane
31:03 Murder Holes
31:41 Hand Cart
33:01 Architecture
33:31 Parthian Tactics
33:24 Leather Archer Armor
34:15 Chain Barding Armor
34:08 Bloodlines
33:59 Husbandry
34:55 Town Patrol
36:02 Ring Archer Armor
35:52 Elite Janissary
50:22 Conscription
50:03 Artillery
50:23 Sipahi
52:19 Fortified Wall
52:30 Bombard Tower
52:01 Heated Shot
izumi_pinko
13:41 Feudal Age
14:15 Double-Bit Axe
15:18 Wheelbarrow
21:58 Castle Age
20:33 Stone Mining
21:06 Gold Mining
21:18 Town Watch
21:32 Horse Collar
23:06 Hand Cart
24:06 Bow Saw
23:23 Pikeman
27:22 Gold Shaft Mining
26:52 Fletching
27:24 Heavy Plow
32:16 Imperial Age
30:46 Scale Mail Armor
33:18 Furor Celtica
35:56 Chemistry
35:02 Elite Woad Raider
36:42 Bodkin Arrow
36:58 Forging
37:59 Heavy Scorpion
39:44 Iron Casting
39:50 Stronghold
40:24 Capped Ram
41:13 Caravan
45:27 Chain Mail Armor
46:12 Blast Furnace
Bergoglio
1:56 Loom
16:20 Feudal Age
16:48 Double-Bit Axe
16:45 Horse Collar
24:55 Castle Age
26:02 Bow Saw
25:59 Heavy Plow
26:25 Bloodlines
26:15 Husbandry
25:35 Light Cavalry
27:07 Light Cavalry
28:52 Forging
35:59 Imperial Age
33:24 Gold Mining
33:26 Stone Mining
33:39 Tusk Swords
33:32 Town Watch
34:23 Wheelbarrow
34:48 Iron Casting
34:20 Scale Barding Armor
39:07 Crop Rotation
39:51 Conscription
40:42 Blast Furnace
40:53 Heavy Scorpion
VaporousFaun185
0:57 Loom
13:16 Feudal Age
14:50 Horse Collar
15:34 Double-Bit Axe
17:25 Gold Mining
25:19 Castle Age
24:29 Stone Mining
24:56 Forging
24:46 Scale Mail Armor
24:51 Scale Barding Armor
24:36 Fletching
24:46 Padded Archer Armor
26:49 Caravan
30:54 Stone Shaft Mining
30:54 Gold Shaft Mining
30:35 Bow Saw
30:27 Heavy Plow
34:22 Wheelbarrow
37:10 Imperial Age
34:39 Pikeman
35:20 Squires
36:22 Hand Cart
36:18 Arson
40:17 Conscription
41:00 Fortified Wall
40:32 Treadmill Crane
41:45 Elite Skirmisher
42:48 Thumb Ring
42:48 Halberdier
46:13 Bodkin Arrow
46:18 Padded Archer Armor
52:00 Bracer
52:15 Leather Archer Armor
52:36 Iron Casting
52:16 Chain Mail Armor
52:43 Conscription
52:53 Fervor
53:09 Sanctity
53:30 Theocracy
make wall ,door and market well?
0:46 Loom
11:40 Feudal Age
15:13 Wheelbarrow
14:29 Double-Bit Axe
16:50 Castle Age
31:45 Imperial Age
30:42 Chemistry
29:25 Treadmill Crane
30:31 Wheelbarrow
30:30 Bow Saw
30:13 Town Watch
29:58 Pikeman
31:12 Squires
30:58 Arson
31:45 Fortified Wall
32:05 Halberdier
33:05 Hand Cart
32:51 Town Patrol
34:15 Two-Man Saw
34:41 Scale Mail Armor
34:52 Forging
35:17 Houfnice
36:32 Chain Mail Armor
36:52 Iron Casting
35:53 Man-at-Arms
37:43 Plate Mail Armor
36:56 Long Swordsman
38:03 Two-Handed Swordsman
40:43 Blast Furnace
40:54 Champion
51:03 Horse Collar
Pande
0:40 Loom
12:12 Feudal Age
16:22 Double-Bit Axe
23:27 Castle Age
21:53 Stone Mining
24:02 Horse Collar
25:00 Wheelbarrow
24:11 Town Watch
30:15 Fortified Wall
31:59 Bow Saw
34:15 Gold Mining
39:33 Imperial Age
36:59 Fletching
38:44 Crossbowman
39:31 Thumb Ring
39:29 Padded Archer Armor
39:24 Bodkin Arrow
39:58 Ballistics
40:40 Conscription
40:31 Arbalester
41:35 Bracer
43:14 Leather Archer Armor
44:49 Hand Cart
45:11 Ring Archer Armor
45:12 Caravan
46:52 Guilds
47:39 Gold Shaft Mining
48:11 Chemistry
andmartin6894
0:29 Loom
14:13 Feudal Age
14:45 Town Watch
15:32 Horse Collar
15:41 Double-Bit Axe
17:03 Stone Mining
17:06 Gold Mining
25:48 Castle Age
26:31 Heavy Plow
26:46 Bow Saw
28:33 Gold Shaft Mining
28:47 Squires
30:43 Caravan
31:57 Wheelbarrow
31:23 Town Patrol
31:14 Man-at-Arms
31:59 Husbandry
32:10 Bloodlines
37:33 Imperial Age
36:01 Padded Archer Armor
35:52 Fletching
36:12 Forging
36:03 Scale Mail Armor
36:08 Scale Barding Armor
35:46 Long Swordsman
37:30 Fortified Wall
37:41 Ballistics
37:16 Murder Holes
39:59 Hand Cart
40:59 Comitatenses
40:45 Ballistas
42:42 Siege Engineers
43:38 Chemistry
44:46 Iron Casting
44:27 Chain Mail Armor
44:33 Chain Barding Armor
46:37 Crop Rotation
47:18 Elite Centurion
50:17 Blast Furnace
49:53 Plate Barding Armor
Connection lost

Rejoining the realm…

Still unreachable

The connection could not be restored.

Session expired

The server has moved on; the page needs a fresh start.